Map: Lerilak Crest

Players

MorN - Winner!

  • Race: Terran Terran
  • League: Master

AHvmpingDogi

  • Race: Terran Terran
  • League: Diamond

VOD

Have the link to the VOD?

Description

Time

  • Played on: Nov. 18, 2015, 7:43 p.m.
  • Length: 11:11
Show
View Real Time Build Order
Export as new Build Order

MorN Terran - Winner!

Build Orders:  

Get SALT Encoding   

  12  0:00  SCV  
  13  0:12  SCV  
  14  0:17  Supply Depot  
  14  0:25  SCV  
  14  0:27  Refinery  
  15  0:41  Barracks  
  15  0:45  SCV  
  16  0:55  Refinery  
  16  0:57  SCV  
  17  1:09  SCV  
  18  1:21  SCV  
  19  1:31  Supply Depot  
  19  1:35  Reaper  
  19  1:36  Factory  
  20  1:51  Orbital Command  
  19  2:14  Barracks Tech Lab  
  19  2:18  SCV, Ghost Academy  
  20  2:34  Starport  
  20  2:40  Hellion  
  22  2:49  Personal Cloaking  
  21  3:01  Ghost  
  23  3:07  SCV  
  24  3:13  Medivac  
  26  3:22  Hellion  
  28  3:27  Supply Depot  
  28  3:31  SCV  
  29  3:42  Ghost  
  31  3:49  SCV  
  32  3:58  Medivac  
  34  4:06  SCV  
  34  4:08  Hellion  
  37  4:13  Ghost  
  39  4:43  SCV  
  38  4:51  Viking  
  38  4:55  SCV  
  39  5:03  Command Center  
  39  5:05  Hellion  
  39  5:06  Ghost  
  41  5:31  Engineering Bay  
  41  5:49  SCV  
  40  5:59  Missile Turret  
  40  6:01  SCV  
  40  6:03  Command Center  
  41  6:13  Banshee, SCV  
  43  6:41  SCV  
  43  6:42  Orbital Command  
  44  7:11  Barracks Tech Lab  
  42  7:19  Orbital Command  
  42  7:20  SCV x2  
  41  7:30  Factory Tech Lab  
  41  7:31  Stimpack, Barracks  
  41  7:32  SCV  
  41  7:34  Starport Reactor  
  41  7:36  Barracks  
  42  7:43  SCV  
  43  7:44  SCV  
  43  7:46  SCV  
  43  7:51  Cyclone  
  48  7:54  Missile Turret  
  48  7:55  SCV  
  48  7:56  Terran Infantry Weapons Level 1, SCV  
  51  7:58  SCV  
  51  7:59  Marine  
  52  8:07  SCV  
  52  8:08  SCV  
  52  8:10  SCV  
  55  8:14  Barracks  
  55  8:16  Barracks  
  55  8:19  SCV  
  56  8:20  Supply Depot  
  56  8:25  Cyclone  
  59  8:27  Starport Reactor  
  59  8:37  SCV  
  59  8:38  Marine x3  
  59  8:39  Combat Shields, Marine  
  64  8:42  SCV  
  64  8:44  Refinery  
  64  8:46  Refinery  
  64  8:47  Supply Depot, Nuke  
  65  8:50  SCV  
  65  8:55  Supply Depot  
  66  8:56  Ghost x2, Marine x2  
  72  9:05  Barracks Reactor x2  
  72  9:08  SCV, Cyclone  
  76  9:14  Marine x2  
  76  9:15  SCV  
  76  9:16  Medivac  
  81  9:18  Supply Depot  
  81  9:25  Marine x2  
  83  9:36  SCV  
  78  9:39  Marine x2  
  78  9:42  Supply Depot, Ghost  
  78  9:43  SCV, Marauder  
  78  9:45  Orbital Command, Marine x4  
  86  9:47  Medivac  
  91  9:53  Engineering Bay  
  91  9:57  Armory, Marine x2  
  93  10:04  Ghost  
  93  10:06  Marine x2  
  97  10:07  Marine x2  
  97  10:12  Marauder  
  101  10:15  Marine  
  101  10:17  SCV x2  
  104  10:23  Marine  
  104  10:24  Marine x2  
  105  10:30  Medivac  
  105  10:33  Marauder x2  
Show
View Real Time Build Order
Export as new Build Order

AHvmpingDogi Terran 

Build Orders: 1/1/1, Banshee Rush 

Get SALT Encoding   

  12  0:01  SCV  
  13  0:13  SCV  
  14  0:17  Supply Depot  
  14  0:25  SCV  
  15  0:33  Refinery  
  15  0:39  SCV  
  16  0:45  Barracks  
  16  0:51  SCV  
  17  1:03  SCV  
  18  1:15  SCV  
  19  1:33  Supply Depot, Orbital Command  
  19  1:34  Marine  
  20  1:40  Factory  
  20  1:52  Marine  
  21  2:01  SCV  
  22  2:13  Marine  
  23  2:17  Command Center  
  22  2:27  Starport  
  22  2:35  SCV  
  22  2:36  Refinery, Marine  
  24  2:45  Factory Tech Lab  
  24  2:47  SCV  
  25  2:52  Supply Depot  
  25  2:56  Marine  
  26  2:59  SCV  
  27  3:05  Engineering Bay  
  27  3:10  Cloaking Field  
  27  3:11  SCV  
  28  3:24  SCV  
  29  3:28  Banshee  
  32  3:35  Orbital Command  
  32  3:49  Factory Tech Lab  
  32  3:51  Starport  
  32  3:59  Orbital Command  
  32  4:11  Banshee  
  30  4:41  SCV  
  30  4:44  SCV  
  31  4:53  SCV  
  31  4:56  SCV, Bunker, Marine  
  34  5:03  Missile Turret  
  34  5:05  SCV  
  35  5:08  SCV  
  35  5:17  SCV  
  36  5:22  SCV  
  36  5:24  Missile Turret  
  33  5:29  SCV  
  33  5:43  SCV x2  
  33  5:45  Banshee  
  38  5:51  Marine  
  39  5:59  SCV x2  
  39  6:03  Bunker  
  41  6:08  Marine  
  43  6:11  SCV x2  
  43  6:15  Command Center  
  44  6:18  Refinery  
  44  6:20  Refinery  
  44  6:23  SCV x2  
  46  6:26  Marine  
  46  6:28  Banshee  
  48  6:35  SCV  
  49  6:44  SCV  
  50  6:47  SCV  
  50  6:48  Marine  
  51  6:54  Viking  
  53  7:05  SCV  
  53  7:08  SCV, Marine  
  51  7:39  SCV x2  
  51  7:40  Marine  
  54  7:46  Planetary Fortress  
  54  7:53  Raven  
  54  7:57  Command Center  
  56  8:04  SCV x2  
  58  8:07  Viking  
  60  8:13  Factory Tech Lab  
  60  8:16  SCV  
  60  8:17  SCV  
  62  8:23  SCV, Missile Turret  
  62  8:24  Marine  
  62  8:25  Missile Turret  
  64  8:29  SCV  
  65  8:34  Factory  
  65  8:35  SCV x2, Building Armor  
  65  8:36  Viking  
  65  8:37  Factory  
  69  8:42  Missile Turret  
  69  8:59  Supply Depot  
  69  9:00  Supply Depot x2  
  69  9:02  Supply Depot  
  69  9:06  Infernal Pre-Igniter  
  69  9:08  Marine  
  69  9:09  SCV x3, Siege Tank  
  76  9:21  SCV  
  77  9:25  Factory Tech Lab  
  77  9:26  Factory Reactor, Marine  
  76  9:44  Siege Tank  
  76  9:45  Siege Tank  
  82  9:49  Command Center  
  82  9:54  Missile Turret x2  
  82  10:01  Missile Turret  
  82  10:03  Missile Turret  
  82  10:05  Missile Turret  
  82  10:06  Hellion x2  
  86  10:12  Armory  
  86  10:13  Armory  
  86  10:16  Planetary Fortress  
  86  10:19  SCV x2  
  86  10:21  SCV  
  89  10:31  SCV  
  89  10:32  SCV  
  89  10:33  SCV  
Tags
 
Matchup
TvT
Opening
1/1/1
Race
Terran
Replay Pack
MorN pack 2
Strategy
Banshee Rush
Add a new tag
Caveats
  • Supply blocks, unpowered buildings, or Contaminate may cause inaccurate times.
  • Supply counts are checked every 10 seconds.